 Dungeon Crawl Stone Soup version 0.28-a0-1567-g1695149f81 (webtiles) character file.

Game seed: 15934064657450243205

130 horus123 the Covered (level 5, 0/41 HPs)
             Began as a Human Wanderer on Jan 20, 2022.
             Was an Initiate of Nemelex Xobeh.
             Succumbed to an adder's poison
             ... on level 4 of the Dungeon.
             The game lasted 00:07:53 (4095 turns).

horus123 the Covered (Human Wanderer)               Turns: 4095, Time: 00:07:54

Health: 0/41       AC:  8    Str: 16    XL:     5   Next: 36%
Magic:  5/5        EV:  9    Int:  8    God:    Nemelex Xobeh [......]
Gold:   200        SH:  0    Dex: 15    Spells: 4/4 levels left

rFire   . . .      SeeInvis .   f - +0 flail
rCold   . . .      Faith    .   (no shield)
rNeg    . . .      Spirit   .   b - +2 scale mail
rPois   .          Reflect  .   (no helmet)
rElec   .          Harm     .   (no cloak)
rCorr   .          Rampage  .   (no gloves)
Will    +....                   (no boots)
Stlth   ..........              (no amulet)
HPRegen 0.13/turn               j - ring of willpower
MPRegen 0.09/turn               (no ring)

@: lethally poisoned (0 -> -4)
A: no striking features
a: Renounce Religion, Draw Escape, Draw Destruction, Draw Summoning


You were on level 4 of the Dungeon.
You worshipped Nemelex Xobeh.
Nemelex Xobeh was noncommittal.
You visited 1 branch of the dungeon, and saw 4 of its levels.

You collected 200 gold pieces.

Inventory:

Hand Weapons
 a - a +0 hand crossbow
 f - a +0 flail (weapon)
 g - a +0 dagger
 k - a +1 whip
Missiles
 c - 19 bolts
Armour
 b - a +2 scale mail (worn)
Jewellery
 j - a ring of willpower (left hand)
Scrolls
 d - a scroll of silence
 i - a scroll of noise
Potions
 e - a potion of degeneration
 h - a potion of haste {unknown}
 l - a potion of resistance {unknown}
 m - a potion of flight {unknown}
 n - a potion of curing {unknown}


   Skills:
 - Level 3.2 Fighting
 + Level 3.0 Maces & Flails
 - Level 3.2 Crossbows
 - Level 3.5 Armour
 - Level 1.0 Invocations
 - Level 1.0 Evocations


You had 4 spell levels left.
You didn't know any spells.
Your spell library contained the following spells:

 Spells                   Type           Power      Damage    Failure   Level
 Freeze                   Ice            0%         1d3       83%         1
 Frozen Ramparts          Ice            0%         1d2       99%         3
 Gell's Gravitas          Tloc           0%         N/A       99%         3
 Lesser Beckoning         Tloc           0%         N/A       99%         3
 Teleport Other           Tloc           0%         N/A       99%         3
 Hailstorm                Conj/Ice       0%         3d3       100%        4


Dungeon Overview and Level Annotations

Branches:
Dungeon (4/15)
 Temple: D:4-7

Altars:
Makhleb
Nemelex Xobeh
Qazlal

Annotations:
D:2 Sigmund


Message History

The adder is severely wounded.
The adder bites you but does no damage. The adder barely misses you.
You hit the adder but do no damage.
The adder is severely wounded.
The adder barely misses you.
You barely miss the adder.
The adder is severely wounded.
The adder barely misses you.
A jackal comes into view.
The adder bites you.
* * * LOW HITPOINT WARNING * * *
You are poisoned.
The adder poisons you!
You barely miss the adder.
The adder is severely wounded.
You feel sick.
The jackal barks!
The adder barely misses you. The adder bites you but does no damage.
You closely miss the adder.
The adder is severely wounded.
You feel sick. The adder bites you but does no damage.
You barely miss the adder.
The adder is severely wounded.
You feel sick. The adder closely misses you. The adder barely misses you.
You barely miss the adder.
The adder is severely wounded.
You feel sick.
You are no longer poisoned.
The adder bites you.
* * * LOW HITPOINT WARNING * * *
The adder bites you.
* * * LOW HITPOINT WARNING * * *
You are lethally poisoned!
The adder poisons you!
* * * LOW HITPOINT WARNING * * *
You feel sick.
You closely miss the adder.
The adder is severely wounded.
You die...
Your body disappears without a glow.

#.. #.# #.##########
##.##.......#
.#.##.####### ###
...#..#.....# #..
......#.###.# #.###
........# #.# #.#.#####
........###.# #@#.....#
.........##.# #S#.###.#
...........<# #h#.# #.#
...........## #.#.# #.#
............## #h#.###.#
.............###h#...#.#
.............h.....#.#.#
..............##.#.#.#.#
.............###.#.#.#.#


You could see an adder and 3 jackals.

Vanquished Creatures
  A hound (D:4)
  An iguana (D:4)
  An adder (D:4)
  An adder skeleton (D:2)
  A dart slug (D:1)
  An orc (D:3)
  3 ball pythons
  A bat skeleton (D:2)
  4 endoplasms
  5 giant cockroaches
  3 hobgoblins
  5 jackals (D:3)
  7 kobolds
  3 quokkas
  2 ball python skeletons (D:2)
  A ball python zombie (D:2)
  7 bats
  3 frilled lizards
  5 goblins
  A quokka skeleton (D:2)
  A rat (D:3)
57 creatures vanquished.

Vanquished Creatures (others)
  2 withered plants (D:2)
2 creatures vanquished.

Grand Total: 59 creatures vanquished

Notes
Turn   | Place    | Note
-------+----------+-------------------------------------------
     0 | D:1      | horus123 the Human Wanderer began the quest for the Orb.
     0 | D:1      | horus123 set off with the following items: a +0 hand
                  | crossbow, a +2 scale mail, 25 bolts, a scroll of silence
     0 | D:1      | Reached XP level 1. HP: 16/16 MP: 1/1
    69 | D:1      | Reached XP level 2. HP: 21/22 MP: 2/2
   609 | D:1      | Reached XP level 3. HP: 13/28 MP: 3/3
  1254 | D:2      | Noticed Sigmund
  1757 | D:2      | Found a stormy altar of Qazlal.
  2250 | D:2      | Reached XP level 4. HP: 32/35 MP: 4/4
  2719 | D:3      | Reached skill level 1 in Maces & Flails
  3031 | D:3      | Found a sparkling altar of Nemelex Xobeh.
  3375 | D:3      | Became a worshipper of Nemelex Xobeh the Trickster
  3969 | D:4      | Found a burning altar of Makhleb.
  4057 | D:4      | Reached XP level 5. HP: 19/41 MP: 5/5
  4094 | D:4      | HP: 2/41 [poisoned by an adder]
  4095 | D:4      | Succumbed to an adder's poison

Illustrated notes

Levels and vault maps discovered:
D:1:      psy_arrival_radial01, layout_rooms
D:2:      layout_basic, serial_undead, serial_undead_f, serial_undead_b,
          serial_undead_a, serial_undead_b, basic_altar, chequers_jeans,
          uniq_sigmund
D:3:      layout_basic, nemelex_altar_shiori
D:4:      layout_basic, overflow_temple_1_default, moated_statue

Skill      XL: |  1  2  3  4  5 |
---------------+----------------+-----
Fighting       | 3 |  3.2
Maces & Flails | 2 3 |  3.0
Crossbows      | |  3.2
Armour         | |  3.5
Invocations    | |  1.0
Evocations     | |  1.0

Action                   |  1- 3 |  4- 6 || total
-------------------------+-------+-------++-------
Melee: Dagger            |   133 |       ||   133
       Punch             |     2 |       ||     2
       Whip              |    24 |    10 ||    34
       Flail             |       |    69 ||    69
 Fire: Hand crossbow     |    28 |       ||    28
  Use: Scroll            |       |     5 ||     5
Armor: Scale mail        |    97 |    54 ||   151
Dodge: Dodged            |    79 |    48 ||   127

Table legend: (Time is in decaauts)
 A = Elapsed time spent in this place.
 B = Non-inter-level travel time spent in this place.
 C = Inter-level travel time spent in this place.
 D = Time resting spent in this place.
 E = Time spent auto-exploring this place.
 F = Levels seen in this place.
 G = Mean time per level.
                   A        B        C        D        E       F      G
               +--------+--------+--------+--------+--------+-----+--------+
         Total |   4130 |   4032 |     98 |    522 |   2737 |   4 | 1032.5 |
       Dungeon |   4130 |   4032 |     98 |    522 |   2737 |   4 | 1032.5 |
               +--------+--------+--------+--------+--------+-----+--------+

Top non-repeatable levels by time:
     D:1: 1289 daAuts
     D:3: 1080 daAuts
     D:2: 1079 daAuts
     D:4: 681 daAuts
